 Dungeon Crawl Stone Soup version 0.30-a0-585-g93115170b9 (webtiles) character file.

Game seed: 2657884356267524668

680 themarg the Insei (level 7, -3/53 HPs)
             Began as a Gnoll Transmuter on Jan 2, 2023.
             Slain by a gnoll sergeant
             ... wielding a +1 spear of pain
              (10 damage)
             ... on level 5 of the Dungeon.
             The game lasted 00:08:08 (4126 turns).

themarg the Insei (Gnoll Transmuter)                Turns: 4126, Time: 00:08:09

Health: -3/53      AC:  2    Str: 10    XL:     7   Next: 60%
Magic:  11/15      EV: 22    Int: 14    God:
Gold:   233        SH:  0    Dex: 17    Spells: 11/17 levels left

rFire   . . .      SeeInvis .      - Unarmed
rCold   . . .      Faith    .    (shield currently unavailable)
rNeg    . . .      Spirit   .    (body armour currently unavailable)
rPois   x          Reflect  .    (helmet currently unavailable)
rElec   .          Harm     .    (cloak currently unavailable)
rCorr   .          Rampage  .    (gloves currently unavailable)
Will    .....                    (boots currently unavailable)
Stlth   ++                       (no amulet)
HPRegen 0.28/turn                (no ring)
MPRegen 0.14/turn                (no ring)

@: lethally poisoned (-3 -> -47), spider-form, wereblooded
A: venomous fangs, tiny, (fangs 1), strong nose, distributed training
a: End Transformation


You were on level 5 of the Dungeon.
You were a venomous arachnid creature.
You visited 1 branch of the dungeon, and saw 5 of its levels.

You collected 233 gold pieces.

Inventory:

Hand Weapons
 s - a +1 dagger of protection (melded)
Missiles
 d - 64 stones
 e - 7 poisoned darts
 f - 5 silver javelins
 x - 6 boomerangs
Armour
 a - a +0 robe (melded)
 k - a +0 helmet (melded)
 u - a +1 pair of boots (melded)
Jewellery
 p - a ring of protection from fire
 t - a ring of wizardry
 v - a ring of positive energy
 w - a ring of wizardry
Scrolls
 c - 2 scrolls of teleportation {unknown}
 g - a scroll of enchant weapon {unknown}
 m - a scroll of torment {unknown}
 n - a scroll of fog {unknown}
 o - a scroll of vulnerability {unknown}
 y - a scroll of poison {unknown}
Potions
 b - a potion of lignification
 h - 4 potions of curing
 i - a potion of heal wounds {unknown}
 j - 3 potions of mutation
 l - 3 potions of brilliance {unknown}
 q - a potion of flight {unknown}
 r - 2 potions of might {unknown}
 z - a potion of haste {unknown}
 A - a potion of attraction {unknown}


   Skills:
 + Level 3.8 Fighting
 + Level 2.7 Short Blades
 + Level 2.7 Long Blades
 + Level 2.7 Axes
 + Level 2.7 Maces & Flails
 + Level 2.7 Polearms
 + Level 2.7 Staves
 + Level 2.7 Ranged Weapons
 + Level 2.7 Throwing
 + Level 2.7 Armour
 + Level 5.3 Dodging
 + Level 2.7 Stealth
 + Level 2.7 Shields
 + Level 7.1 Unarmed Combat
 + Level 5.7 Spellcasting
 + Level 2.2 Conjurations
 + Level 2.2 Hexes
 + Level 2.2 Summonings
 + Level 2.2 Necromancy
 + Level 2.2 Translocations
 + Level 4.4 Transmutations
 + Level 2.2 Fire Magic
 + Level 2.2 Ice Magic
 + Level 2.2 Air Magic
 + Level 2.2 Earth Magic
 + Level 2.2 Poison Magic
 + Level 3.0 Invocations
 + Level 2.7 Evocations


You had 11 spell levels left.
You knew the following spells:

 Your Spells              Type           Power      Damage    Failure   Level
a - Beastly Appendage     Tmut           32%        N/A       10%         1
b - Wereblood             Tmut           16%        N/A       13%         2
c - Spider Form           Tmut/Pois      13%        N/A       28%         3

Your spell library contained the following spells:

 Spells                   Type           Power      Damage    Failure   Level
 Passwall                 Tmut/Erth      10%        N/A       17%         2
 Sandblast                Erth           20%        2d7       19%         1
 Stone Arrow              Conj/Erth      20%        3d8       41%         3
 Ice Form                 Ice/Tmut       13%        N/A       61%         4


Dungeon Overview and Level Annotations

Branches:
Dungeon (5/15)             Temple (0/1) D:5

Altars:


Innate Abilities, Weirdness & Mutations

You are a venomous arachnid creature.
You have poisonous fangs.
You are tiny and dextrous.
Your spellcasting is less reliable in this form.
Your armour is entirely melded.
You are incapable of wielding weapons or throwing items.
((You have very sharp teeth.))
Your uncanny sense of smell can sniff out nearby items.
Your experience applies equally to all skills.


Message History

The gnoll shouts!
The gnoll hits you with a +0 whip.
You hit the gnoll.
The gnoll is poisoned.
The gnoll is heavily wounded.
You hit the gnoll but do no damage.
The gnoll looks as sick as possible!
The gnoll is heavily wounded.
The gnoll completely misses you.
You bite the gnoll!
You feel a bit better.
You kill the gnoll!
You hiss as the wereblood boils in your veins!
You hit the gnoll but do no damage.
The gnoll is poisoned.
The gnoll completely misses you.
The gnoll hits you from afar with a +2 spear of venom.
You are poisoned.
You bite the gnoll!
The gnoll looks as sick as possible!
The gnoll is severely wounded.
You hiss as the wereblood boils in your veins!
You feel extremely sick.
You feel a bit better.
You kill the gnoll!
The gnoll misses you.
You feel extremely sick.
The gnoll sergeant hits you from afar with a +1 spear of pain.
The gnoll hits you with a +2 spear of venom!
You are lethally poisoned!
Things that are here:
a +0 club; a +0 whip You hit the gnoll.
The gnoll is poisoned.
The gnoll is heavily wounded.
You feel extremely sick.
The gnoll hits you with a +2 spear of venom.
* * * LOW HITPOINT WARNING * * *
You are more poisoned.
The gnoll sergeant closely misses you.
You hit the gnoll.
You feel a bit better.
You kill the gnoll!
* * * LOW HITPOINT WARNING * * *
You feel extremely sick.
The gnoll sergeant hits you from afar with a +1 spear of pain!
You die...

.####..##.###....###.
.....................∆
.......##.......#.##.
......####....<....#
......+.........#..#
......#########.####
......# ... ∆ .
......#.###+########$.:.
......#.##......s)gg.>..
......#.##....#####g)...
......#.##..........#...
#######.##...######## .
.....##.##...+
.....##.##...#####
.....##............
.....####.....#####
.....# #.....#


You could see a gnoll sergeant and 2 gnolls.

Vanquished Creatures
  3 scorpions
  A necrophage (D:4)
  2 jellies (D:5)
  3 hounds (D:5)
  2 orc priests (D:2)
  An iguana (D:4)
  Natasha (D:2)
  3 gnolls (D:5)
  5 adders
  A shadow imp (D:5)
  A worm (D:2)
  A dart slug (D:1)
  13 orcs
  6 bats
  8 endoplasms
  4 giant cockroaches
  4 goblins
  8 hobgoblins
  3 jackals (D:4)
  6 quokkas (D:1)
  7 ball pythons
  3 frilled lizards
  6 kobolds
  6 rats
98 creatures vanquished.

Notes
Turn   | Place    | Note
-------+----------+-------------------------------------------
     0 | D:1      | themarg the Gnoll Transmuter began the quest for the Orb.
     0 | D:1      | Reached XP level 1. HP: 17/17 MP: 6/6
   124 | D:1      | Reached XP level 2. HP: 23/23 MP: 5/7
   128 | D:1      | Learned a level 2 spell: Wereblood
   538 | D:1      | Reached skill level 5 in Spellcasting
   538 | D:1      | Reached XP level 3. HP: 28/28 MP: 6/9
   582 | D:1      | Learned a level 3 spell: Spider Form
   661 | D:1      | Reached skill level 1 in Invocations
  1003 | D:2      | Reached skill level 1 in Short Blades
  1003 | D:2      | Reached skill level 1 in Long Blades
  1003 | D:2      | Reached skill level 1 in Axes
  1003 | D:2      | Reached skill level 1 in Maces & Flails
  1003 | D:2      | Reached skill level 1 in Polearms
  1003 | D:2      | Reached skill level 1 in Staves
  1003 | D:2      | Reached skill level 1 in Ranged Weapons
  1003 | D:2      | Reached skill level 1 in Throwing
  1003 | D:2      | Reached skill level 1 in Armour
  1003 | D:2      | Reached skill level 1 in Stealth
  1003 | D:2      | Reached skill level 1 in Shields
  1003 | D:2      | Reached skill level 1 in Evocations
  1007 | D:2      | You fall into a shaft and drop 2 floors!
  1092 | D:4      | Noticed a scorpion
  1104 | D:4      | Killed a scorpion
  1105 | D:4      | Reached skill level 1 in Conjurations
  1105 | D:4      | Reached skill level 1 in Hexes
  1105 | D:4      | Reached skill level 1 in Summonings
  1105 | D:4      | Reached skill level 1 in Necromancy
  1105 | D:4      | Reached skill level 1 in Translocations
  1105 | D:4      | Reached skill level 1 in Fire Magic
  1105 | D:4      | Reached skill level 1 in Ice Magic
  1105 | D:4      | Reached skill level 1 in Air Magic
  1105 | D:4      | Reached skill level 1 in Earth Magic
  1105 | D:4      | Reached skill level 1 in Poison Magic
  1105 | D:4      | Reached XP level 4. HP: 29/34 MP: 7/11
  1154 | D:4      | Reached XP level 5. HP: 41/41 MP: 8/12
  1310 | D:3      | Found a faded altar of an unknown god.
  1832 | D:2      | Reached XP level 6. HP: 18/47 MP: 10/14
  2191 | D:2      | Noticed Natasha
  2198 | D:2      | Killed Natasha
  2199 | D:2      | Reached skill level 5 in Dodging
  3226 | D:4      | Reached skill level 7 in Unarmed Combat
  3226 | D:4      | Reached XP level 7. HP: 52/52 MP: 9/15
  3618 | D:5      | Entered Level 5 of the Dungeon
  4115 | D:5      | Found a staircase to the Ecumenical Temple.
  4126 | D:5      | Slain by a gnoll sergeant

Illustrated notes

Levels and vault maps discovered:
D:1:      minmay_arrival_up_and_down, layout_loops_ring, minmay_quantized
D:2:      cheibrodos_pilgrimage, layout_basic, uniq_natasha
D:3:      layout_basic, chequers_ecumenical_altar_simple_redux, minmay_distorted
D:4:      layout_loops_ring
D:5:      layout_basic, minmay_temple_entry_offerings, minmay_splitting_lines

Skill      XL: |  1  2  3  4  5  6  7 |
---------------+----------------------+-----
Spellcasting   | 5 |  5.7
Invocations    | 1 2 3 |  3.0
Short Blades   | 1 2 |  2.7
Long Blades    | 1 2 |  2.7
Axes           | 1 2 |  2.7
Maces & Flails | 1 2 |  2.7
Polearms       | 1 2 |  2.7
Staves         | 1 2 |  2.7
Ranged Weapons | 1 2 |  2.7
Throwing       | 1 2 |  2.7
Armour         | 1 2 |  2.7
Stealth        | 1 2 |  2.7
Shields        | 1 2 |  2.7
Evocations     | 1 2 |  2.7
Conjurations   | 1 2 |  2.2
Hexes          | 1 2 |  2.2
Summonings     | 1 2 |  2.2
Necromancy     | 1 2 |  2.2
Translocations | 1 2 |  2.2
Fire Magic     | 1 2 |  2.2
Ice Magic      | 1 2 |  2.2
Air Magic      | 1 2 |  2.2
Earth Magic    | 1 2 |  2.2
Poison Magic   | 1 2 |  2.2
Fighting       | 3 |  3.8
Transmutations | 4 |  4.4
Dodging        | 5 |  5.3
Unarmed Combat | 7 |  7.1

Action                   |  1- 3 |  4- 6 |  7- 9 || total
-------------------------+-------+-------+-------++-------
Melee: Trident           |    89 |     3 |       ||    92
       Kick              |    18 |     1 |       ||    19
       Headbutt          |    11 |     1 |       ||    12
       Bite              |     5 |     1 |       ||     6
       Punch             |     1 |       |       ||     1
       Unarmed           |     8 |    94 |    32 ||   134
       Dagger            |       |     5 |       ||     5
 Cast: Beastly Appendage |    22 |     3 |       ||    25
       Wereblood         |     2 |     3 |     1 ||     6
       Spider Form       |     1 |    22 |     7 ||    30
  Use: Scroll            |       |       |     2 ||     2
 Stab: Sleeping          |     2 |     1 |       ||     3
       Distracted        |       |       |     1 ||     1
Armor: Robe              |    12 |     2 |       ||    14
       Skin              |     1 |     3 |     1 ||     5
Dodge: Dodged            |    52 |    95 |    27 ||   174

Table legend: (Time is in decaauts)
 A = Elapsed time spent in this place.
 B = Non-inter-level travel time spent in this place.
 C = Inter-level travel time spent in this place.
 D = Time resting spent in this place.
 E = Time spent auto-exploring this place.
 F = Levels seen in this place.
 G = Mean time per level.
                   A        B        C        D        E       F      G
               +--------+--------+--------+--------+--------+-----+--------+
         Total |   4132 |   4003 |    129 |      5 |   3265 |   5 |  826.4 |
       Dungeon |   4132 |   4003 |    129 |      5 |   3265 |   5 |  826.4 |
               +--------+--------+--------+--------+--------+-----+--------+

Top non-repeatable levels by time:
     D:2: 990 daAuts
     D:4: 957 daAuts
     D:1: 854 daAuts
     D:3: 825 daAuts
     D:5: 504 daAuts
